 Dungeon Crawl Stone Soup version 0.28-a0-1190-g77e1c55843 (webtiles) character file.

Game seed: 16692541559993379534

1778 Glokmah the Tainter (level 8, -4/48 HPs)
             Began as a Deep Elf Venom Mage on Dec 18, 2021.
             Was an Initiate of Sif Muna.
             Killed by miscasting Sticky Flame (10 damage)
             ... on level 7 of the Dungeon.
             The game lasted 00:14:13 (9587 turns).

Glokmah the Tainter (Deep Elf Venom Mage)           Turns: 9587, Time: 00:14:14

Health: -4/48      AC: 10    Str:  5    XL:     8   Next: 81%
Magic:  15/20      EV: 12    Int: 23    God:    Sif Muna [......]
Gold:   256        SH:  5    Dex: 15    Spells: 2/20 levels left

rFire   . . .      SeeInvis .   d - +2 dagger (speed)
rCold   . . .      Faith    .   (no shield)
rNeg    . . .      Spirit   .   a - +0 robe
rPois   .          Reflect  +   (no helmet)
rElec   .          Harm     .   (no cloak)
rCorr   .          Rampage  .   (no gloves)
Will    .....                   (no boots)
Stlth   ++........              g - amulet of reflection
HPRegen 0.16/turn               c - +4 ring of protection
MPRegen 0.17/turn               m - +4 ring of protection

@: very slightly contaminated
A: no striking features
a: Renounce Religion


You were on level 7 of the Dungeon.
You worshipped Sif Muna.
Sif Muna was noncommittal.
You visited 2 branches of the dungeon, and saw 8 of its levels.

You collected 256 gold pieces.

Inventory:

Hand Weapons
 b - a +1 short sword of protection
 d - a +2 dagger of speed (weapon)
 j - a +0 shortbow
Missiles
 f - 50 poisoned darts
 i - 5 atropa-tipped darts
 p - 24 arrows
 v - 3 boomerangs
Armour
 a - a +0 robe (worn)
Magical Staves
 n - a staff of cold
Jewellery
 c - a +4 ring of protection (left hand)
 g - an amulet of reflection (around neck)
 m - a +4 ring of protection (right hand)
 B - a ring of resist corrosion
Wands
 o - a wand of digging (6)
 u - a wand of flame (43)
Scrolls
 e - 6 scrolls of identify
 k - 4 scrolls of teleportation
 w - 2 scrolls of immolation
 y - a scroll of summoning
 z - a scroll of enchant weapon
 A - a scroll of magic mapping {unknown}
Potions
 h - 2 potions of mutation
 l - a potion of magic
 q - a potion of invisibility {unknown}
 r - 4 potions of curing {unknown}
 s - a potion of degeneration {unknown}
 t - a potion of cancellation {unknown}
 x - a potion of heal wounds {unknown}


   Skills:
 + Level 3.6 Fighting
 - Level 2.4 Dodging
 - Level 2.4 Stealth
 + Level 6.7 Spellcasting
 + Level 4.3 Conjurations
 * Level 0.0 Necromancy
 - Level 4.0 Transmutations
 + Level 0.0 Fire Magic
 - Level 3.0 Air Magic
 - Level 8.0 Poison Magic
 - Level 0.5 Evocations


You had 2 spell levels left.
You knew the following spells:

 Your Spells              Type           Power      Damage    Failure   Level
a - Sting                 Tmut/Pois      100%       1d8       1%          1
b - Poisonous Vapours     Pois/Air       66%        N/A       1%          2
c - Mephitic Cloud        Conj/Pois/Air  31%        N/A       3%          3
d - Olgreb's Toxic Radia  Pois           44%        N/A       3%          4
e - Sticky Flame          Conj/Fire      17%        2d4       32%         4
f - Dispel Undead         Necr           7%         3d8       61%         4

Your spell library contained the following spells:

 Spells                   Type           Power      Damage    Failure   Level
 Static Discharge         Conj/Air       24%        N/A       2%          2


Dungeon Overview and Level Annotations

Branches:
Dungeon (7/15)             Temple (1/1) D:6

Altars:
Ashenzari
Cheibriados
Dithmenos
Elyvilon
Fedhas
Hepliaklqana
Kikubaaqudgha
Makhleb
Nemelex Xobeh
Okawaru
Qazlal
Ru
Sif Muna
Trog
Uskayaw
Vehumet
Wu Jian
Xom
Yredelemnul
Zin
The Shining One

Annotations:
D:4 Menkaure
D:6 1 runed translucent door, AarnesTheHuman's ghost, novice FoFi


Message History

You hit the wyvern zombie.
The wyvern zombie is severely damaged.
The wyvern zombie completely misses you.
You hit the wyvern zombie but do no damage.
The wyvern zombie is severely damaged.
The wyvern zombie bites you!
You hit the wyvern zombie.
The wyvern zombie is severely damaged.
The wyvern zombie bites you!
You hit the wyvern zombie.
The wyvern zombie is almost destroyed.
The wyvern zombie bites you!
You barely miss the wyvern zombie.
The wyvern zombie is almost destroyed.
The wyvern zombie barely misses you.
You hit the wyvern zombie.
The wyvern zombie is almost destroyed.
The wyvern zombie bites you!
* * * LOW HITPOINT WARNING * * *
You hit the wyvern zombie.
The wyvern zombie is almost destroyed.
The wyvern zombie barely misses you.
Casting: Sting (safe; 1% risk of failure)
Confirm with . or Enter, or press ? or * to list all spells.
Aiming: Sting (safe; 1% risk of failure)
Press: ? - help, Shift-Dir - straight line The sting hits the wyvern zombie.
The wyvern zombie partially resists.
The wyvern zombie is almost destroyed.
The wyvern zombie bites you but does no damage.
Unknown command.
Casting: Sting (safe; 1% risk of failure)
Confirm with . or Enter, or press ? or * to list all spells.
The spell is quite dangerous to miscast (32% risk of failure)!
Continue anyway?
Aiming: Sticky Flame (quite dangerous; 32% risk of failure)
Press: ? - help, Shift-Dir - straight line, f - wyvern zombie
Aim: a wyvern zombie (almost destroyed, 100% to hit)
You miscast Sticky Flame.
You are very lightly contaminated with residual magic.
Heat runs through your body!
You die...

..#......###.....####
#.#......+...........
#.#......####...#####
#.###.#.....## #..##
#.....'....## ....
#+#####...## ##.###
##'## #.# #######.##
#.# #.[....@.# ...
...####Z.# ...# .....
....... ..##..#.# .##
##.#.# .. .#.#


You could see a wyvern zombie.

Vanquished Creatures
  Prince Ribbit (D:5)
  An ice beast (D:5)
  3 sky beasts
  A black bear (D:6)
  A centaur (D:4)
  An ogre (D:5)
  A bullfrog (D:6)
  3 scorpions
  A water moccasin zombie (D:5)
  A wyvern skeleton (D:6)
  A water moccasin skeleton (D:6)
  A howler monkey (D:4)
  A jelly (D:6)
  A centaur zombie (D:7)
  An orc priest (D:4)
  2 hounds (D:5)
  2 centaur skeletons (D:6)
  An iguana (D:3)
  An orc wizard (D:4)
  A hound skeleton (D:5)
  6 gnolls
  10 adders
  A shadow imp (D:7)
  A worm (D:2)
  A dart slug (D:3)
  9 orcs
  11 endoplasms
  4 giant cockroaches (D:2)
  7 goblins
  5 hobgoblins
  4 quokkas
  8 ball pythons
  9 bats
  6 frilled lizards
  5 kobolds
  7 rats
120 creatures vanquished.

Vanquished Creatures (collateral kills)
  A hound zombie (D:5)
1 creature vanquished.

Grand Total: 121 creatures vanquished

Notes
Turn   | Place    | Note
-------+----------+-------------------------------------------
     0 | D:1      | Glokmah the Deep Elf Venom Mage began the quest for the
                  | Orb.
     0 | D:1      | Reached XP level 1. HP: 10/10 MP: 6/6
   395 | D:1      | Reached XP level 2. HP: 16/16 MP: 4/8
   464 | D:1      | Learned a level 2 spell: Poisonous Vapours
   999 | D:1      | Reached XP level 3. HP: 20/20 MP: 0/9
  1189 | D:1      | Learned a level 3 spell: Mephitic Cloud
  1237 | D:1      | Found a faded altar of an unknown god.
  1608 | D:2      | Noticed a scorpion
  1613 | D:2      | Killed a scorpion
  1614 | D:2      | Reached skill level 1 in Fighting
  1614 | D:2      | Reached skill level 4 in Poison Magic
  1614 | D:2      | Reached XP level 4. HP: 25/25 MP: 3/11
  1701 | D:2      | Reached skill level 1 in Air Magic
  2665 | D:2      | Reached XP level 5. HP: 29/29 MP: 3/13
  3363 | D:3      | Learned a level 4 spell: Olgreb's Toxic Radiance
  4040 | D:4      | Noticed Menkaure
  4376 | D:4      | Reached skill level 5 in Poison Magic
  4377 | D:4      | Reached skill level 1 in Conjurations
  4377 | D:4      | Reached XP level 6. HP: 19/35 MP: 1/14
  5357 | D:5      | Entered Level 5 of the Dungeon
  5836 | D:5      | Noticed an ice beast
  5856 | D:5      | Killed an ice beast
  5857 | D:5      | Reached XP level 7. HP: 40/40 MP: 6/16
  6066 | D:5      | Reached skill level 5 in Spellcasting
  6213 | D:5      | Reached skill level 6 in Poison Magic
  6917 | D:5      | Noticed Prince Ribbit
  6941 | D:5      | Killed Prince Ribbit
  6942 | D:5      | Reached XP level 8. HP: 12/45 MP: 6/18
  7091 | D:5      | Reached skill level 7 in Poison Magic
  7723 | D:6      | Found a staircase to the Ecumenical Temple.
  7742 | Temple   | Entered the Ecumenical Temple
  8049 | Temple   | Became a worshipper of Sif Muna the Loreminder
  8421 | D:6      | Found a runed translucent door.
  8421 | D:6      | Noticed AarnesTheHuman's ghost (novice FoFi)
  9255 | D:7      | Reached skill level 8 in Poison Magic
  9546 | D:7      | Learned a level 4 spell: Sticky Flame
  9551 | D:7      | Learned a level 4 spell: Dispel Undead
  9587 | D:7      | Killed by miscasting Sticky Flame

Illustrated notes

Levels and vault maps discovered:
D:1:      dpeg_arrival_signposts, layout_rooms,
          shapermc_ecumenical_altar_mp_highgroup, nrook_mini_vaults
D:2:      layout_basic
D:3:      layout_loops_ring, minmay_between
D:4:      layout_loops_corners, st_stairs_13, chequers_serial_rivers_micro_e,
          uniq_menkaure
D:5:      layout_layer_cave, uniq_prince_ribbit1
D:6:      layout_basic, minmay_temple_entry_drinking_statues,
          gammafunk_ghost_grave, kennysheep_generic_room_9
D:7:      layout_loops_corners, minmay_misc_feat_encased
Temple:   mainiacjoe_temple_hex_bubbles

Skill      XL: |  1  2  3  4  5  6  7  8 |
---------------+-------------------------+-----
Fighting       | 1 2 3 |  3.6
Transmutations | 2 3 4 |  4.0
Poison Magic   | 4 5 6 8 |  8.0
Air Magic      | 1 2 3 |  3.0
Spellcasting   | 4 5 6 |  6.7
Conjurations   | 1 2 3 4 |  4.3
Dodging        | |  2.4
Stealth        | |  2.4
Evocations     | |  0.5

Action                   |  1- 3 |  4- 6 |  7- 9 || total
-------------------------+-------+-------+-------++-------
Melee: Short sword       |    10 |    30 |       ||    40
       Dagger            |       |     5 |   128 ||   133
 Fire: Shortbow          |       |       |    19 ||    19
 Cast: Sting             |    36 |    72 |    30 ||   138
       Poisonous Vapours |    20 |    60 |    33 ||   113
       Olgreb's Toxic Ra |       |     1 |     4 ||     5
       Mephitic Cloud    |       |     1 |     1 ||     2
  Use: Scroll            |       |     8 |     2 ||    10
Armor: Robe              |    10 |    30 |    61 ||   101
Dodge: Dodged            |    16 |    61 |    83 ||   160
Block: Other             |       |       |    12 ||    12

Table legend: (Time is in decaauts)
 A = Elapsed time spent in this place.
 B = Non-inter-level travel time spent in this place.
 C = Inter-level travel time spent in this place.
 D = Time resting spent in this place.
 E = Time spent auto-exploring this place.
 F = Levels seen in this place.
 G = Mean time per level.
                   A        B        C        D        E       F      G
               +--------+--------+--------+--------+--------+-----+--------+
         Total |   9564 |   8814 |    750 |   1188 |   6217 |   8 | 1195.5 |
       Dungeon |   9241 |   8571 |    670 |   1188 |   5982 |   7 | 1320.1 |
        Temple |    322 |    242 |     80 |      0 |    235 |   1 |  322.0 |
               +--------+--------+--------+--------+--------+-----+--------+

Top non-repeatable levels by time:
     D:5: 2018 daAuts
     D:3: 1570 daAuts
     D:1: 1440 daAuts
     D:2: 1402 daAuts
     D:6: 1313 daAuts
     D:4: 1143 daAuts
     D:7: 352 daAuts
  Temple: 322 daAuts
